 Dungeon Crawl Stone Soup version 0.29.0-13-gc9e81de378 (webtiles) character file.

Game seed: 1935905582854807879

32 xian the Shield-Bearer (level 3, -4/29 HPs)
             Began as a Formicid Fighter on Sept 11, 2022.
             Slain by a gnoll
             ... wielding a +0 halberd
              (10 damage)
             ... on level 2 of the Dungeon.
             The game lasted 00:02:11 (1394 turns).

xian the Shield-Bearer (Formicid Fighter)           Turns: 1394, Time: 00:02:11

Health: -4/29      AC:  6    Str: 22    XL:     3   Next: 42%
Magic:  3/3        EV:  9    Int:  7    God:
Gold:   41         SH:  5    Dex: 13    Spells: 2/2 levels left

rFire   . . .      SeeInvis +   g - +3 whip
rCold   . . .      Faith    .   c - +0 buckler
rNeg    . . .      Spirit   .   b - +0 scale mail
rPois   .          Reflect  .   (helmet unavailable)
rElec   .          Harm     .   (no cloak)
rCorr   .          Rampage  .   (no gloves)
Will    .....                   (no boots)
Stlth   ..........              (no amulet)
HPRegen 0.09/turn               (no ring)
MPRegen 0.08/turn               (no ring)

@: mighty
A: permanent stasis, dig shafts and tunnels, antennae 3, four strong arms
a: Dig, Shaft Self


You were on level 2 of the Dungeon.
You visited 1 branch of the dungeon, and saw 2 of its levels.

You collected 41 gold pieces.

Inventory:

Hand Weapons
 a - a +0 long sword
 g - a +3 whip (weapon)
Missiles
 j - 2 atropa-tipped darts (quivered)
Armour
 b - a +0 scale mail (worn)
 c - a +0 buckler (worn)
Scrolls
 e - a scroll of butterflies {unknown}
 f - a scroll of identify {unknown}
 h - a scroll of summoning {unknown}
 i - a scroll of amnesia {unknown}


   Skills:
 + Level 3.4 Fighting
 + Level 2.9 Long Blades
 + Level 0.1 Maces & Flails
 + Level 3.4 Armour
 + Level 4.4 Shields


You had 2 spell levels left.
You didn't know any spells.
Your spell library contained the following spells:

 Spells                   Type           Power      Damage    Failure   Level
 Shock                    Conj/Air       0%         1d3       83%         1
 Static Discharge         Conj/Air       0%         3-3/arc   92%         2
 Airstrike                Air            0%         2d(0-16)  100%        4
 Dispel Undead            Necr           0%         3d6       100%        4
 Sticky Flame             Conj/Fire      0%         2d3       100%        4
 Swiftness                Air            Unusable   N/A       N/A         3

Dungeon Overview and Level Annotations

Branches:
Dungeon (2/15)

Altars:


Innate Abilities, Weirdness & Mutations

You cannot be hasted, slowed, berserked, paralysed or teleported.
You can dig through walls and to a lower floor.
You have a pair of large antennae on your head. (SInv)
Your four strong arms can wield two-handed weapons with a shield.


Message History

You see here a bat corpse.
You see here 2 atropa-tipped darts.
j - 2 atropa-tipped darts You see here a bat corpse.
You pick up a book of Touch and begin reading...
You add the spells Static Discharge, Sticky Flame and Dispel Undead to your library.
Things that are here:
a +0 short sword; a stone Done exploring.
Done exploring.
There is a stone staircase leading down here.
You climb downwards.
There is a stone staircase leading up here.
Found 5 stones.
You sense a monster nearby.
A rat comes into view.
You barely miss the rat. The rat closely misses you.
You barely miss the rat. The rat bites you but does no damage.
You hit the rat.
You kill the rat!
You see here a rat corpse. 3 gnolls come into view.
The gnoll shouts! x3
There are monsters nearby!
There are monsters nearby!
You see here a rat corpse.
Found a stone staircase leading up.
The gnoll hits you from afar with a +0 halberd!
The gnoll hits you with a +0 halberd!
You barely miss the gnoll. The gnoll hits you with a +0 halberd!
* * * LOW HITPOINT WARNING * * *
You barely miss the gnoll. The gnoll closely misses you.
You closely miss the gnoll. The gnoll hits you but does no damage.
Okay, then.
You feel very mighty all of a sudden. You block the gnoll's attack.
You whack the gnoll!
The gnoll is severely wounded.
The gnoll hits you with a +0 halberd!
You die...

. .. .# ######## ..
.......# ####.#.#
######.# #.....<#
###.###### #.##.###
#........# #@#
#.#.####.# #g## #.#.##
#.# #gg# # #..# #.#
##.# ## ##.# #.# ##.##
##...##.###.####(..####
......................+
##..........####...####
##.###.##### ###g###


You could see 3 gnolls.

Vanquished Creatures
  A gnoll (D:1)
  3 bats (D:1)
  2 endoplasms (D:1)
  3 giant cockroaches (D:1)
  4 hobgoblins (D:1)
  A frilled lizard (D:1)
  4 kobolds (D:1)
  A rat (D:2)
19 creatures vanquished.

Vanquished Creatures (others)
  A plant (D:1)
1 creature vanquished.

Grand Total: 20 creatures vanquished

Notes
Turn   | Place    | Note
-------+----------+-------------------------------------------
     0 | D:1      | xian the Formicid Fighter began the quest for the Orb.
     0 | D:1      | Reached XP level 1. HP: 18/18 MP: 1/1
   228 | D:1      | Reached XP level 2. HP: 12/24 MP: 2/2
   710 | D:1      | Reached XP level 3. HP: 25/29 MP: 3/3
   933 | D:1      | Found a faded altar of an unknown god.
  1394 | D:2      | Slain by a gnoll

Illustrated notes

Levels and vault maps discovered:
D:1:      dpeg_arrival_rooms_with_view, layout_loops_ring,
          hellmonk_ecumenical_altar_run_dry, serial_forest,
          infiniplex_forest_lined_room_3, infiniplex_forest_corner_1,
          infiniplex_forest_lined_3, infiniplex_forest_end_2,
          infiniplex_forest_clump_curved, infiniplex_forest_lined_3,
          infiniplex_forest_lined_corner
D:2:      layout_loops_corners, minmay_divided_ellipse

Action                   || total
-------------------------++-------
Melee: Long sword        ||    36
       Whip              ||    26
  Use: Potion            ||     1
Armor: Scale mail        ||    29
Dodge: Dodged            ||    27
Block: Buckler           ||     9
